 Dungeon Crawl Stone Soup version 0.20-a0-453-g91466d2 (webtiles) character file.

55 Kriby the Magician (level 3, -2/24 HPs)
             Began as a Mummy Fire Elementalist on Jan 8, 2017.
             Slain by Ijyb
             ... wielding a +3 club
              (5 damage)
             ... on level 3 of the Dungeon.
             The game lasted 00:01:45 (2414 turns).

Kriby the Magician (Mummy Fire Elementalist)        Turns: 2414, Time: 00:01:46

Health: -2/24      AC:  2    Str: 11    XL:     3   Next: 67%
Magic:  0/8        EV: 12    Int: 15    God:
Gold:   62         SH:  0    Dex: 12    Spells: 8/9 levels left

rFire  x . .     SeeInvis .     i - +0 rapier
rCold  + . .     Gourm    .     a - +0 robe
rNeg   + + +     Faith    .     (no shield)
rPois  ∞         Spirit   .     (no helmet)
rElec  .         Reflect  .     c - -1 cloak (curse)
rCorr  .         Harm     .     (no gloves)
MR     .....                    (no boots)
Stlth  ++........               (no amulet)
                                (no ring)
                                (no ring)

@: very slightly contaminated
A: no food or potions, fire vulnerability, cold resistance 1, negative energy
resistance 3, torment resistance, unbreathing
a: no special abilities


You were on level 3 of the Dungeon.
You were not hungry.

You visited 1 branch of the dungeon, and saw 3 of its levels.

You collected 62 gold pieces.

Inventory:

Hand Weapons
 i - a +0 rapier (weapon)
Armour
 a - a +0 robe (worn)
 c - a cursed -1 cloak (worn)
Scrolls
 d - 5 scrolls of teleportation {unknown}
 e - a scroll of fog {unknown}
 f - a scroll of enchant weapon {unknown}
 g - a scroll of identify {unknown}
 h - 3 scrolls of remove curse {unknown}
Books
 b - a book of Flames

   Spells                             Type                      Level
   a - Flame Tongue                   Conjuration/Fire             1
   b - Throw Flame                    Conjuration/Fire             2
   c - Conjure Flame                  Conjuration/Fire             3
   d - Inner Flame                    Hexes/Fire                   3
   e - Sticky Flame                   Conjuration/Fire             4
   f - Fireball                       Conjuration/Fire             5


   Skills:
 - Level 1.5 Dodging
 - Level 1.5 Stealth
 + Level 3.5 Spellcasting
 * Level 2.1 Conjurations
 + Level 2.7 Fire Magic


You had 8 spell levels left.
You knew the following spells:

 Your Spells              Type           Power        Failure   Level  Hunger
a - Flame Tongue          Conj/Fire      ##...        10%         1    N/A

Dungeon Overview and Level Annotations

Branches:
Dungeon (3/15)

Altars:
Okawaru

Annotations:
D:3 Ijyb


Innate Abilities, Weirdness & Mutations

You do not eat or drink.
Your flesh is vulnerable to fire.
You are immune to poison.
Your flesh is cold resistant. (rC+)
You are immune to negative energy. (rN+++)
You are immune to unholy pain and torment.
You can survive without breathing.


Message History

Aiming: Flame Tongue
Press: ? - help, Shift-Dir - straight line, f/p - Ijyb
Aim: Ijyb, wielding an enchanted club (severely wounded)
The flame tongue hits Ijyb.
Ijyb appears unharmed.
Ijyb is severely wounded.
Ijyb hits you with an enchanted club.
You hit Ijyb.
Ijyb is severely wounded.
Ijyb hits you with an enchanted club.
* * * LOW HITPOINT WARNING * * *
You hit Ijyb.
Ijyb is severely wounded.
Ijyb hits you but does no damage.
You hit Ijyb.
Ijyb is almost dead.
Ijyb barely misses you. x2
You hit Ijyb but do no damage.
Ijyb is almost dead.
Ijyb hits you with an enchanted club.
You die...

#... ##... .... ...##
##. # .... .... #.#
..#######
#..###.###g......#
#..#.....#@#
#..#######.#
#..≈≈≈≈≈≈≈.#######.
###..#######.........
#....#.....#.########
#.#..###.###.######
#.#<...#.#..........
#.###..#.#.#########
#.................


You could see Ijyb.

Vanquished Creatures
  An ooze (D:2)
  2 dart slugs
  A leopard gecko (D:2)
  5 giant cockroaches
  4 goblins
  10 hobgoblins
  5 kobolds
  6 bats
  2 frilled lizards (D:1)
  5 rats
41 creatures vanquished.

Notes
Turn   | Place    | Note
-------+----------+-------------------------------------------
     0 | D:1      | Kriby the Mummy Fire Elementalist began the quest for the Orb.
     0 | D:1      | Reached XP level 1. HP: 13/13 MP: 4/4
     6 | D:1      | Reached skill level 1 in Conjurations
   415 | D:1      | Reached XP level 2. HP: 19/19 MP: 0/5
   506 | D:1      | Reached skill level 3 in Spellcasting
   990 | D:1      | Reached XP level 3. HP: 24/24 MP: 5/7
  1402 | D:2      | Found a faded altar of an unknown god.
  1525 | D:2      | Found an iron altar of Okawaru.
  2399 | D:3      | Noticed Ijyb
  2414 | D:3      | Slain by Ijyb

Vault maps used:
D:1:      dpeg_arrival_ternary
D:2:      chequers_ecumenical_altar_twisty, okawaru_metal_pillars_1_2
D:3:      kennysheep_slugbush, first_bread, grunt_decor_cap,
          uniq_crazy_yiuf_cottage, uniq_terence, uniq_iyjb, uniq_sigmund

Skill      XL: |  1  2  3 |
---------------+----------+-----
Conjurations   | 1 2 |  2.1
Spellcasting   | 3 |  3.5
Dodging        | |  1.5
Stealth        | |  1.5
Fire Magic     | |  2.7

Action                   || total
-------------------------++-------
Melee: Dagger            ||    20
       Rapier            ||     6
 Cast: Flame Tongue      ||    79
Armor: Robe              ||    18
Dodge: Dodged            ||    65
